AoeStats
← ThePotatoSack

MegaRandom

507402740Analyzed
2v2 RM · 14d ago on Sep 18, 2026· 59m 34s· 4 players
Game mode
Random Map
Map size
Medium (4 player)
Population
200
Speed
Normal
Resources
Standard
Victory
Conquest
Starting age
Dark Age
Ending age
Imperial Age
RankedLock teamsTeams togetherTeam positionsShared explorationLock speedFull tech treeHidden civsTurbo modeCheats
Victory
Defeat
🇺🇸 Bulgarians · United States
796
+19
🇨🇦 Spanish · Canada
750
+20
🇨🇳 Tatars · China
892
-21
🇨🇱 Gurjaras · Chile
808
-18
✟ L¥N V ✟
7:24 Loom
10:43 Feudal Age
16:08 Castle Age
17:47 Double-Bit Axe
19:28 Gold Mining
22:42 Horse Collar
23:44 Stone Mining
26:38 Bow Saw
29:35 Thumb Ring
30:41 Heavy Plow
33:56 Wheelbarrow
33:19 Town Watch
39:58 Imperial Age
37:46 Hand Cart
37:34 Town Patrol
39:11 Fletching
39:23 Padded Archer Armor
40:21 Elite Elephant Archer
42:12 Ballistics
42:55 Chemistry
44:07 Kshatriyas
44:39 Frontier Guards
44:38 Bodkin Arrow
44:58 Leather Archer Armor
48:53 Conscription
48:43 Bracer
49:38 Bloodlines
49:29 Husbandry
猫咪先生
11:38 Feudal Age
11:00 Loom
12:10 Double-Bit Axe
17:18 Wheelbarrow
19:19 Castle Age
22:06 Wheelbarrow
25:01 Horse Collar
26:46 Heavy Plow
27:00 Bow Saw
29:36 Ballistics
32:45 Fletching
33:01 Scale Barding Armor
35:05 Hand Cart
34:38 Town Watch
36:29 Silk Armor
37:35 Squires
36:56 Pikeman
37:23 Arson
42:38 Imperial Age
42:41 Elite Keshik
43:45 Conscription
44:23 Halberdier
51:11 Bodkin Arrow
51:40 Chain Barding Armor
51:20 Scale Mail Armor
50:45 Heavy Cavalry Archer
56:30 Heated Shot
56:14 Man-at-Arms
57:33 Long Swordsman
tryhuba
0:43 Loom
12:19 Feudal Age
13:36 Wheelbarrow
12:49 Double-Bit Axe
12:46 Horse Collar
14:47 Town Watch
17:36 Gold Mining
22:47 Castle Age
21:06 Stone Mining
21:37 Fletching
21:51 Padded Archer Armor
23:01 Forging
22:52 Scale Mail Armor
22:17 Man-at-Arms
23:29 Scale Barding Armor
23:58 Hand Cart
23:55 Bow Saw
24:10 Heavy Plow
26:05 Stone Shaft Mining
28:34 Fervor
28:45 Sanctity
28:42 Thumb Ring
28:36 Bodkin Arrow
28:57 Leather Archer Armor
29:17 Iron Casting
28:57 Chain Mail Armor
29:03 Chain Barding Armor
32:12 Caravan
32:55 Bloodlines
32:46 Husbandry
33:27 Fortified Wall
33:29 Masonry
36:57 Imperial Age
34:30 Town Patrol
35:57 Chain Barding Armor
37:06 Ballistics
38:57 Two-Man Saw
37:24 Cavalier
38:47 Plate Barding Armor
39:12 Blast Furnace
38:37 Conscription
39:49 Chemistry
39:56 Paladin
41:03 Elite Conquistador
43:30 Ring Archer Armor
43:01 Bracer
43:11 Bracer
51:49 Plate Mail Armor
ThePotatoSack
11:06 Loom
13:03 Feudal Age
15:54 Horse Collar
23:31 Castle Age
25:04 Wheelbarrow
25:42 Double-Bit Axe
27:09 Forging
27:00 Scale Mail Armor
30:19 Squires
30:43 Heavy Plow
33:51 Pikeman
35:43 Light Cavalry
36:38 Bloodlines
36:32 Husbandry
41:12 Hand Cart
46:48 Imperial Age
44:06 Town Watch
45:29 Bow Saw
47:42 Halberdier
48:44 Capped Ram
52:11 Siege Ram
53:42 Iron Casting
53:23 Chain Mail Armor
57:46 Blast Furnace
57:16 Plate Mail Armor
Connection lost

Rejoining the realm…

Still unreachable

The connection could not be restored.

Session expired

The server has moved on; the page needs a fresh start.